 Dungeon Crawl Stone Soup version 0.30.1-11-g7821555f0a (webtiles) character file.

Game seed: 1286140116429028887

1194 bnorton916 the Magician (level 8, -2/41 HPs)
             Began as a Deep Elf Conjurer on Jan 10, 2024.
             Was an Initiate of Gozag.
             Slain by an iguana (12 damage)
             ... on level 4 of the Dungeon.
             The game lasted 00:08:57 (6447 turns).

bnorton916 the Magician (Deep Elf Conjurer)         Turns: 6447, Time: 00:08:57

Health: -2/41      AC:  3    Str:  4    XL:     8   Next: 20%
Magic:  0/21       EV: 12    Int: 26    God:    Gozag
Gold:   246        SH:  5    Dex: 13    Spells: 11/22 levels left

rFire   + . .        (no weapon)
rCold   . . .        (no shield)
rNeg    . . .        a - +0 robe
rPois   .            (no helmet)
rElec   .            (no cloak)
rCorr   .            r - +0 pair of gloves
SInv    .            (no boots)
Will    .....        e - amulet of reflection
Stlth   ++           g - ring of protection from fire
HPRegen 0.26/turn    (no ring)
MPRegen 0.17/turn

%: reflection
@: no status effects
A: no striking features
a: Renounce Religion, Potion Petition, Call Merchant, Bribe Branch


You were on level 4 of the Dungeon.
You worshipped Gozag.
Gozag was aware of your devotion.
You visited 2 branches of the dungeon, and saw 6 of its levels.

You collected 682 gold pieces.
You spent 287 gold pieces at shops.
You paid 149 gold pieces to Gozag.

Inventory:

Missiles
 m - 14 poisoned darts
 x - 2 throwing nets
 A - 5 curare-tipped darts
Armour
 a - a +0 robe (worn)
 d - a +0 buckler
 r - a +0 pair of gloves (worn)
 E - the +1 pair of boots "Mueley" {*Corrode rN+ Int-2 Dex+6}
   (You bought it in a shop on level 5 of the Dungeon)

   Int:       It affects your intelligence (-2).
   Dex:       It affects your dexterity (+6).
   rN:        It protects you from negative energy.
   *Corrode:  It may corrode you when you take damage.
Jewellery
 e - an amulet of reflection (around neck)
 g - a ring of protection from fire (left hand)
Wands
 G - a wand of roots (10)
Scrolls
 f - 2 scrolls of brand weapon
 h - a scroll of blinking
 o - a scroll of poison {unknown}
 p - a scroll of silence
 s - a scroll of enchant weapon {unknown}
 t - a scroll of enchant armour {unknown}
 y - a scroll of vulnerability {unknown}
 z - 2 scrolls of torment
 B - 2 scrolls of noise {unknown}
 F - a scroll of identify
 H - a scroll of fog {unknown}
Potions
 b - a potion of magic
 c - 2 potions of degeneration {unknown}
 i - 2 potions of curing
 j - a potion of resistance {unknown}
 k - a potion of berserk rage {unknown}
 l - 3 potions of might {unknown}
 n - a potion of heal wounds {unknown}
 q - 2 potions of invisibility {unknown}
 u - a potion of cancellation {unknown}
 v - a potion of experience {unknown}
 w - 2 potions of brilliance {unknown}
 C - a potion of mutation {unknown}
 D - a potion of haste {unknown}


   Skills:
 - Level 2.4 Dodging
 - Level 2.4 Stealth
 + Level 7.5 Spellcasting
 + Level 7.3 Conjurations
 + Level 5.6 Hexes
 + Level 4.6 Translocations


You had 11 spell levels left.
You knew the following spells:

 Your Spells              Type           Power      Damage    Failure   Level
a - Magic Dart            Conj           100%       1d8       1%          1
b - Searing Ray           Conj           94%        2d7       1%          2
c - Iskenderun's Mystic   Conj/Tloc      40%        2d9       4%          4
d - Fulminant Prism       Conj/Hex       21%        3d12      4%          4

Your spell library contained the following spells:

 Spells                   Type           Power      Damage    Failure   Level
 Apportation              Tloc           68%        N/A       1%          1
 Lesser Beckoning         Tloc           68%        N/A       1%          2
 Dazzling Flash           Conj/Hex       86%        N/A       1%          3
 Gell's Gravitas          Tloc           34%        N/A       2%          3
 Teleport Other           Tloc           34%        N/A       2%          3
 Necrotise                Necr           36%        1d5       6%          1
 Summon Small Mammal      Summ           36%        N/A       6%          1
 Sticky Flame             Conj/Fire      28%        2d5       13%         4
 Ignite Poison            Fire/Tmut/Pois 9%         N/A       19%         3
 Ignition                 Fire           4%         3d4       100%        8


Dungeon Overview and Level Annotations

Branches:
Dungeon (5/15)             Temple (1/1) D:5

Altars:
Elyvilon
Gozag
Vehumet
Yredelemnul
Zin

Shops:
D:5 :*

Annotations:
D:5 2 transporters, turdburglar's ghost, novice BaHs


Message History

Without enough magic to sustain it, your searing ray dissipates.
Unknown command.
The iguana attacks as you move away! The iguana bites you!
There is a stone staircase leading up here.
The iguana misses you.
You climb upwards.
There is a stone staircase leading down here.
The iguana attacks as you move away! The iguana barely misses you.
The iguana attacks as you move away! The iguana misses you.
The iguana attacks as you move away! The iguana bites you.
The iguana attacks as you move away! The iguana bites you.
The iguana attacks as you move away! The iguana barely misses you.
There is an escape hatch in the floor here.
Casting: Searing Ray (safe; 1% risk of failure)
Confirm with . or Enter, or press ? or * to list all spells.
Aiming: Searing Ray (safe; 1% risk of failure)
Press: ? - help, Shift-Dir - straight line, f - iguana
Aim: an iguana (moderately wounded, 84% to hit)
The searing ray hits the iguana but does no damage.
The iguana is moderately wounded. (Press . to maintain the ray.)
The iguana barely misses you.
The searing ray hits the iguana.
The iguana is severely wounded.
The iguana barely misses you.
The searing ray hits the iguana.
The iguana is almost dead.
The iguana bites you!
The searing ray misses the iguana.
You finish channelling your searing ray.
The iguana bites you!
* * * LOW HITPOINT WARNING * * *
Unknown command.
Aiming: Fastroot
Press: ? - help, Shift-Dir - straight line, f/p - iguana
Aim: an iguana (almost dead)
Okay, then.
The iguana attacks as you move away! The iguana bites you!
You die...
Your body crumbles into a pile of gold.

#.....##
#..########.#####. #....##
#..# #.# #. #.#..# #..#
#.# #. #.#..#####
##..########.# #.
#........# #............#
#. #.######.#
##..########### #. ..# #.#
#...# #. ..# #.#
#...######### #. ..# #.#
#..@l.......# #. ..# #.#
#..########.# #. ..#
##.#####..# #.# #.
..#####.........# #># #.
.........######.########.#
#. .#######.# #[>........#
#. .# #.# #####..##### #.
.# #.## #..# #. .# #..#
#..###########.


You could see an iguana.

Vanquished Creatures
  2 black bears
  2 phantoms (D:4)
  A bullfrog (D:4)
  4 scorpions
  3 jellies
  2 gnoll boudas (D:5)
  2 orc priests (D:5)
  3 hounds
  Jessica (D:2)
  An orc wizard (D:5)
  6 gnolls (D:5)
  5 adders
  2 ufetubi (D:4)
  4 worms
  4 dart slugs
  9 orcs
  8 ball pythons
  11 endoplasms
  4 giant cockroaches
  10 goblins
  6 hobgoblins
  A jackal (D:3)
  3 quokkas
  3 bats (D:1)
  7 frilled lizards
  7 kobolds
  7 rats
118 creatures vanquished.

Vanquished Creatures (others)
  2 fulminant prisms (D:5)
2 creatures vanquished.

Grand Total: 120 creatures vanquished

Notes
Turn   | Place    | Note
-------+----------+-------------------------------------------
     0 | D:1      | bnorton916 the Deep Elf Conjurer began the quest for the
                  | Orb.
     0 | D:1      | Reached XP level 1. HP: 10/10 MP: 6/6
   255 | D:1      | Reached XP level 2. HP: 15/15 MP: 4/8
  1210 | D:2      | Noticed Jessica
  1212 | D:2      | Reached XP level 3. HP: 19/19 MP: 7/10
  1223 | D:3      | Reached skill level 5 in Conjurations
  1259 | D:3      | Learned a level 2 spell: Searing Ray
  1270 | D:2      | Killed Jessica
  1770 | D:2      | Reached XP level 4. HP: 24/24 MP: 9/12
  1988 | D:3      | Learned a level 4 spell: Iskenderun's Mystic Blast
  1993 | D:3      | Learned a level 4 spell: Fulminant Prism
  2324 | D:3      | Noticed a black bear
  2341 | D:3      | Killed a black bear
  2342 | D:3      | Reached skill level 5 in Spellcasting
  2342 | D:3      | Reached skill level 1 in Hexes
  2342 | D:3      | Reached skill level 1 in Translocations
  2342 | D:3      | Reached XP level 5. HP: 19/28 MP: 0/14
  3539 | D:5      | Entered Level 5 of the Dungeon
  3618 | D:5      | Found a glowing silver altar of Zin.
  3668 | D:5      | Found an opulent altar of Gozag.
  3677 | D:5      | Became a worshipper of Gozag Ym Sagoz the Greedy
  3842 | D:4      | Reached XP level 6. HP: 32/32 MP: 9/16
  4172 | D:4      | Reached XP level 7. HP: 36/36 MP: 14/18
  4395 | D:4      | Noticed a wyvern
  5234 | D:5      | Found Guch's Assorted Antiques.
  5239 | D:5      | Bought a pair of faintly glowing boots for 237 gold pieces
  5239 | D:5      | Identified the +1 pair of boots "Mueley" {*Corrode rN+
                  | Int-2 Dex+6} (You bought it in a shop on level 5 of the
                  | Dungeon)
  5239 | D:5      | Bought a scroll of identify for 50 gold pieces
  5320 | D:5      | Found a transporter.
  5323 | D:5      | Identified the +1 dire flail "Heyjea" {flame, rF+ rC- rN++
                  | Str+3}
  5324 | D:5      | Noticed turdburglar's ghost (novice BaHs)
  5337 | D:5      | Found a transporter.
  5773 | D:5      | Found Liohajih's Tremendous Tomes.
  5827 | D:5      | Reached skill level 5 in Hexes
  5901 | D:5      | Found a staircase to the Ecumenical Temple.
  6349 | Temple   | Entered the Ecumenical Temple
  6386 | D:5      | Reached XP level 8. HP: 41/41 MP: 13/21
  6447 | D:4      | Slain by an iguana

Illustrated notes

Levels and vault maps discovered:
D:1:      grunt_arrival_crossed_arrows, layout_basic, item_on_display_a
D:2:      layout_basic, uniq_jessica
D:3:      minmay_bubble_buster, layout_basic
D:4:      layout_loops_ring, nzn_random_ring
D:5:      layout_basic, mainiacjoe_overflow_paths, amcnicky_altar_gilded,
          minmay_temple_entry_slanted, gammafunk_ghost_smash, serial_shops,
          nicolae_shop_rolling_square, nicolae_shop_i_like_big_books
Temple:   nicolae_temple_bog_church

Skill      XL: |  1  2  3  4  5  6  7 |
---------------+----------------------+-----
Spellcasting   | 4 5 6 7 |  7.5
Conjurations   | 5 6 7 |  7.3
Hexes          | 1 2 3 5 |  5.6
Translocations | 1 2 3 4 |  4.6
Dodging        | |  2.4
Stealth        | |  2.4

Action                     |  1- 3 |  4- 6 |  7- 9 || total
---------------------------+-------+-------+-------++-------
  Melee: Unarmed           |       |       |     5 ||     5
   Cast: Magic Dart        |    43 |    69 |    95 ||   207
         Searing Ray       |     1 |    13 |    16 ||    30
         Iskenderun's Myst |       |     1 |       ||     1
         Fulminant Prism   |       |       |     2 ||     2
    Use: Scroll            |       |     7 |       ||     7
 Armour: Robe              |       |     1 |     6 ||     7
  Dodge: Dodged            |     3 |     4 |    18 ||    25
  Block: Other             |       |     2 |     9 ||    11
         Reflection        |       |       |     1 ||     1
